 Dungeon Crawl Stone Soup version 0.22-a0-231-g1b571ea (webtiles) character file.

5 Amnesiac the Charlatan (level 1, -2/10 HPs)
             Began as a Spriggan Artificer on Feb 20, 2018.
             Slain by a worm (12 damage)
             ... on level 3 of the Dungeon.
             The game lasted 00:00:55 (327 turns).

Amnesiac the Charlatan (Spriggan Artificer)          Turns: 327, Time: 00:00:55

Health: -2/10      AC:  2    Str:  8    XL:     1   Next: 66%
Magic:  4/4        EV: 18    Int: 12    God:
Gold:   29         SH:  0    Dex: 16    Spells: 0/0 levels left

rFire    . . .     SeeInvis +   a - +0 short sword
rCold    . . .     Gourm    .   (shield restricted)
rNeg     . . .     Faith    .   b - +0 robe
rPois    .         Spirit   .   (helmet restricted)
rElec    .         Reflect  .   (no cloak)
rCorr    .         Harm     .   (gloves unavailable)
MR       .....                  (boots unavailable)
Stlth    ++........             (no amulet)
HPRegen  0.03/turn              (no ring)
MPRegen  0.09/turn              (no ring)

@: very quick
A: very small, unfitting armour, see invisible, herbivore, speed 3, slow
metabolism 2
a: no special abilities


You were on level 3 of the Dungeon.
You were not hungry.

You visited 1 branch of the dungeon, and saw 4 of its levels.

You collected 29 gold pieces.

Inventory:

Hand Weapons
 a - a +0 short sword (weapon)
Armour
 b - a +0 robe (worn)
Jewellery
 h - an uncursed ring of wizardry {unknown}
Wands
 c - a wand of flame (15)
 d - a wand of enslavement (15)
 e - a wand of random effects (15)
Scrolls
 g - a scroll of fog {!r, unknown}
Potions
 i - a potion of lignification {!q, unknown}
 j - a potion of curing {!q, unknown}
Comestibles
 f - 3 rations


   Skills:
 + Level 1.0 Fighting
 - Level 1.1 Short Blades
 + Level 3.2 Dodging
 - Level 1.5 Stealth
 * Level 4.3 Evocations


You couldn't memorise any spells.
You didn't know any spells.

Dungeon Overview and Level Annotations

Branches:
Dungeon (4/15)
 Temple: D:4-7

Altars:


Innate Abilities, Weirdness & Mutations

You are very small and have problems with some larger weapons.
You are too small for most types of armour.
You have supernaturally acute eyesight. (SInv)
You are a herbivore.
You cover ground extremely quickly.
You need consume almost no food.


Message History

HP restored.
Found a stone staircase leading down.
An orc comes into view. It is wielding a club.
There is a stone staircase leading down here.
You climb downwards.
A leopard gecko and a bat come into view.
There is a stone staircase leading up here.
The helpless leopard gecko fails to defend itself.
You puncture the leopard gecko!
You kill the leopard gecko!
The bat hits you but does no damage.
Found a dyed leather armour.
You hit the bat.
The bat is moderately wounded.
The bat misses you. The bat hits you but does no damage.
Found a stone staircase leading down.
You closely miss the bat.
The bat is moderately wounded.
The bat misses you.
You closely miss the bat.
The bat is moderately wounded.
The bat misses you. The bat closely misses you. The bat closely misses you.
You closely miss the bat.
The bat is moderately wounded.
The bat completely misses you. The bat misses you. The bat closely misses you.
The bat hits you. The bat closely misses you.
You closely miss the bat.
The bat is moderately wounded.
The bat misses you.
You hit the bat.
You kill the bat!
No target in view!
No target in view!
There is a stone staircase leading down here.
You climb downwards.
Found an escape hatch in the ceiling.
There is a stone staircase leading up here.
There is a stone staircase leading up here.
i - a blue potion {!q} A scorpion comes into view.
There is a stone staircase leading up here.
Found an escape hatch in the floor.
Found a coppery potion.
A worm comes into view.
Found a stone staircase leading up.
There is a shaft here.
You see here a coppery potion {!q}.
j - a coppery potion {!q}
There is a stone staircase leading up here.
You climb upwards.
A rat and a worm come into view.
There is a stone staircase leading down here.
The helpless rat fails to defend itself.
You hit the rat.
You kill the rat!
Your Fighting skill increases to level 1!
The worm bites you!
Ouch! That really hurt!
You die...

# ### .#
..##. ##
#.#. w.##
#.. .....
#w#......
#@.......
###......
.....
.... ...
##


You could see 2 worms.

Vanquished Creatures
  A leopard gecko (D:3)
  3 bats
  A rat (D:3)
5 creatures vanquished.

Notes
Turn   | Place    | Note
-------+----------+-------------------------------------------
     0 | D:1      | Amnesiac the Spriggan Artificer began the quest for the Orb.
     0 | D:1      | Reached XP level 1. HP: 9/9 MP: 4/4
   300 | D:4      | Noticed a scorpion
   327 | D:3      | Reached skill level 1 in Fighting
   327 | D:3      | Slain by a worm

Vault maps used:
D:1:      giann_forest_graveyard, serial_bayou_pond_a, st_stairs_5,
          minmay_pentomino_x2
D:3:      item_on_display_a, uniq_terence
D:4:      vehumet_crystals, minmay_strange_pillars, grunt_decor_one_mirror,
          dk_vineyard_1, minmay_joined_circles

Skill      XL: |  1 |
---------------+----+-----
Fighting       | 1 |  1.0
Short Blades   | |  1.1
Dodging        | |  3.2
Stealth        | |  1.5
Evocations     | |  4.3

Action                   || total
-------------------------++-------
Melee: Short sword       ||    17
 Stab: Sleeping          ||     3
Armor: Robe              ||     9
Dodge: Dodged            ||    51

Table legend:
 A = Spawn XP
 B = Non-spawn XP
 C = Spawn XP percentage of total XP
 D = Spawn monster count
 E = Non-spawn monster count
 F = Spawn count percentage of total count
 G = Total turns spent on level
                    A         B        C        D         E        F      G
               +---------+---------+-------+---------+---------+-------+---------
         Total |       0 |       8 |   0.0 |       0 |       5 |   0.0 |   327
               +---------+---------+-------+---------+---------+-------+---------
           D:1 |       0 |       1 |   0.0 |       0 |       1 |   0.0 |    96
           D:2 |       0 |       2 |   0.0 |       0 |       1 |   0.0 |   157
           D:3 |       0 |       5 |   0.0 |       0 |       3 |   0.0 |    31
               +---------+---------+-------+---------+---------+-------+---------
